 Dungeon Crawl Stone Soup version 0.30.0-5-g1a98f26d00 (webtiles) character file.

Game seed: 9078612458328293806

20340 Implojin the Black Belt (level 12, 0/100 HPs)
             Began as a Vine Stalker Fire Elementalist on May 8, 2023.
             Was a High Priest of Wu Jian.
             Slain by a skyshark (18 damage)
             ... on level 3 of the Lair of Beasts.
             The game lasted 00:50:27 (14711 turns).

Implojin the Black Belt (VSFE)                     Turns: 14711, Time: 00:50:27

Health: 0/100      AC: 30    Str: 21    XL:     12   Next: 78%
Magic:  0/16       EV:  2    Int: 15    God:    Wu Jian [*****.]
Gold:   1008       SH:  0    Dex: 16    Spells: 12/15 levels left

rFire   . .          .
                       - Unarmed
rCold   . . .        (no shield)
rNeg    . . .        K - melded +1 robe {rC+ rF+}
rPois   +            u - melded +2 helmet
rElec   .            w - melded scarf {shadows}
rCorr   .            (gloves currently unavailable)
SInv    .            E - melded +0 pair of boots
Will    +....        B - amulet of regeneration
Stlth   +++          c - +4 ring of protection
HPRegen 1.96/turn    s - +6 ring of strength
MPRegen 0.15/turn

%: guardian spirit
@: tree-form
A: stationary, stasis, torment immunity, boosted hp, (fangs 3), regeneration 1,
magic shield, (antimagic bite), no potion heal 2
a: Renounce Religion, Wall Jump, Serpent's Lash, Heavenly Storm


You were on level 3 of the Lair of Beasts.
You worshipped Wu Jian.
Wu Jian was extremely pleased with you.
You were a tree.
You visited 2 branches of the dungeon, and saw 14 of its levels.
You also visited: Sewer.

You collected 1008 gold pieces.

Inventory:

Hand Weapons
 q - a +0 short sword of venom
 y - a +4 morningstar
 z - a +2 mace of venom
 M - a +2 short sword of speed
 O - a +1 long sword of pain
 Y - a +1 hand axe of distortion
Missiles
 e - 4 atropa-tipped darts
 i - 2 curare-tipped darts
 k - a throwing net
 F - 15 poisoned darts (quivered)
 I - 9 boomerangs
Armour
 l - a +0 ring mail
 u - a +2 helmet (melded)
 w - a scarf of shadows (melded)
 E - a +0 pair of boots (melded)
 K - a +1 robe of resistance (melded)
 Z - +0 steam dragon scales
Jewellery
 c - a +4 ring of protection (left branch)
 s - a +6 ring of strength (right branch)
 B - an amulet of regeneration (around neck)
 C - a +6 ring of dexterity
 H - an amulet of the acrobat
 R - a ring of magical power
Wands
 p - a wand of roots (3)
Scrolls
 a - 5 scrolls of poison
 o - a scroll of vulnerability
 r - 4 scrolls of immolation
 v - 2 scrolls of magic mapping
 x - 2 scrolls of enchant weapon
 G - 3 scrolls of blinking {unknown}
 P - 2 scrolls of teleportation
 T - a scroll of butterflies {unknown}
 V - a scroll of fear
 W - 2 scrolls of fog
Potions
 b - 2 potions of brilliance
 d - 2 potions of cancellation
 f - 6 potions of heal wounds
 g - 3 potions of lignification
 h - 2 potions of haste {unknown}
 m - a potion of berserk rage {unknown}
 n - 5 potions of flight
 t - a potion of mutation {unknown}
 A - 2 potions of resistance
 D - 2 potions of might
 J - 2 potions of ambrosia {unknown}
 N - 2 potions of curing
 U - a potion of attraction {unknown}
Miscellaneous
 S - a piece from Xom's chessboard (15/15)


   Skills:
 - Level 10.0 Fighting
 - Level 3.0 Throwing
 * Level 5.5 Dodging
 - Level 5.0 Stealth
 - Level 15.0 Unarmed Combat
 - Level 2.1 Spellcasting
 - Level 1.0 Conjurations
 - Level 4.0 Fire Magic
 - Level 4.0 Evocations


You had 12 spell levels left.
You knew the following spells:

 Your Spells              Type           Power      Damage    Failure   Level
a - Foxfire               Conj/Fire      36%        2x1d5     8%          1
b - Scorch                Fire           26%        2d6       6%          2

Your spell library contained the following spells:

 Spells                   Type           Power      Damage    Failure   Level
 Shock                    Conj/Air       12%        1d3       19%         1
 Apportation              Tloc           2%         N/A       22%         1
 Necrotise                Necr           4%         1d4       22%         1
 Summon Small Mammal      Summ           4%         N/A       22%         1
 Inner Flame              Hex/Fire       7%         N/A       28%         3
 Volatile Blastmotes      Fire/Tloc      14%        2d11      28%         3
 Cigotuvi's Dreadful Rot  Necr/Pois/Air  2%         N/A       32%         2
 Lesser Beckoning         Tloc           2%         N/A       32%         2
 Poisonous Vapours        Pois/Air       2%         N/A       32%         2
 Ignite Poison            Fire/Tmut/Pois 5%         N/A       36%         3
 Mephitic Cloud           Conj/Pois/Air  2%         N/A       50%         3
 Call Canine Familiar     Summ           1%         N/A       54%         3
 Frozen Ramparts          Ice            2%         1d1       54%         3
 Gell's Gravitas          Tloc           1%         N/A       54%         3
 Summon Guardian Golem    Hex/Summ       1%         N/A       54%         3
 Swiftness                Air            1%         N/A       54%         3
 Teleport Other           Tloc           1%         N/A       54%         3
 Vampiric Draining        Necr           1%         2d6       54%         3
 Flame Wave               Conj/Fire      9%         2d6       61%         4
 Airstrike                Air            0%         2d(1-17)  91%         4
 Ice Form                 Ice/Tmut       1%         N/A       91%         4
 Summon Ice Beast         Ice/Summ       1%         N/A       91%         4
 Agony                    Necr           1%         N/A       99%         5
 Freezing Cloud           Conj/Ice/Air   1%         6-21      99%         5


Dungeon Overview and Level Annotations

Branches:
Dungeon (11/15)            Temple (0/1) D:4            Lair (3/5) D:10
  Snake (0/4) Lair:3          Orc (0/2) D:11          Sewer (visited)
  Swamp: Lair:2-3    Shoals: Lair:2-3

Altars:
Gozag
Hepliaklqana
Ru
Wu Jian

Annotations:
D:8 Erica
D:11 exclusion: troll
Lair:1 exclusion: oklob plant


Innate Abilities, Weirdness & Mutations

You are a tree.
Your roots penetrate the ground, keeping you stationary.
You cannot be teleported.
You are immune to unholy pain and torment.
Your maximum health is greatly increased.
Your equipment is partially melded.
((You have razor-sharp teeth.))
Your natural rate of healing is unusually fast.
When hurt, damage is shared between your health and your magic reserves.
((Your bite disrupts and absorbs the magic of your enemies.))
Potions cannot restore your health.


Message History

The skyshark is moderately wounded.
The skyshark bites you!
The skyshark enters a blood-rage!
The skyshark tail-slaps you! x2
Danger: Low HP Warning |T2| Reason: 47% HP (32/67)
You hit the skyshark. Your bite misses the skyshark.
The skyshark is moderately wounded.
The skyshark bites you but does no damage.
The skyshark tail-slaps you.
The skyshark tail-slaps you but does no damage.
Danger: Low HP Warning |T2| Reason: 44% HP (30/67)
You pummel the skyshark!!
The skyshark is heavily wounded.
The skyshark bites you! The skyshark tail-slaps you!
The skyshark tail-slaps you.
Danger: Low HP Warning |T3| Reason: 20% HP (14/67)
Okay, then.
Okay, then.
Okay, then.
Okay, then.
Really quaff the potion of lignification?
You turn into a tree.
Your scarf of shadows melds into your body.
Your +2 helmet melds into your body.
Your +0 pair of boots melds into your body.
Your +1 robe of resistance melds into your body.
The dungeon's light returns to normal.
You feel hot and cold all over.
Your roots penetrate the ground.
The skyshark bites you!
The skyshark tail-slaps you but does no damage. x2
Danger: Low HP Warning |T3| Reason: 16% HP (16/100)
You smack the skyshark!
The skyshark is severely wounded.
The skyshark bites you but does no damage.
The skyshark tail-slaps you but does no damage. x2
Danger: Low HP Warning |T3| Reason: 17% HP (17/100)
You hit the skyshark.
The skyshark is severely wounded.
The skyshark bites you.
The skyshark tail-slaps you but does no damage. x2
The skyshark bites you!!
You die...

##...............
#....[..........[
##............... .......#
##.............. .......#
##.............. #......#
#..###..###.#..# .....P.##
##..#..#......... P.......##
######.#.....)........
P......#.##.##P.♣#.......+.......
...............l....P..P.#.......
#.............(..................
#................................
.................................
#.###....................#....#.+
..(.......(......................
.####.##..###....................
P ########...#.P..###....####P.


You could see a skyshark (berserk, poisoned).

Vanquished Creatures
  A centaur warrior (D:11)
  A boulder beetle (Lair:3)
  Sonja (Lair:2)
  A salamander (Lair:3)
  2 black mambas
  A gargoyle (D:11)
  Maggie (D:7)
  Psyche (D:9)
  7 cane toads
  3 komodo dragons
  A kobold demonologist (D:10)
  A polar bear (Lair:2)
  A troll (D:9)
  Prince Ribbit (D:7)
  9 blink frogs (Lair:2)
  4 wyverns
  4 slime creatures (D:10)
  Eustachio (D:5)
  2 basilisks (D:10)
  26 yaks
  3 steam dragons
  Menkaure (D:6)
  4 water moccasins
  An ice beast (D:6)
  4 orc warriors
  5 sky beasts
  A black bear (Lair:1)
  6 wolves
  2 centaurs
  2 phantoms
  3 kobold brigands
  7 bullfrogs
  4 gnoll sergeants
  A scorpion (D:5)
  13 wights
  9 killer bees
  3 howler monkeys
  2 lava snakes (Lair:3)
  5 hounds
  5 jellies
  3 orc priests
  A gnoll bouda (D:4)
  4 orc wizards
  A sleepcap (D:5)
  3 iguanas
  Robin (D:3)
  8 adders
  21 gnolls
  2 river rats (Sewer)
  A shadow imp (D:6)
  An ufetubus (D:6)
  3 worms
  5 dart slugs
  28 orcs
  5 endoplasms
  A giant cockroach (D:2)
  11 goblins
  11 hobgoblins
  2 jackals (D:2)
  6 kobolds
  3 quokkas
  3 ball pythons
  3 bats
  2 frilled lizards
  5 rats
  6 butterflies
290 creatures vanquished.

Vanquished Creatures (collateral kills)
  A komodo dragon (Lair:2)
  A yak (Lair:2)
  An orc (D:7)
3 creatures vanquished.

Vanquished Creatures (others)
  555 foxfires
555 creatures vanquished.

Grand Total: 848 creatures vanquished

Notes
Turn   | Place    | Note
-------+----------+-------------------------------------------
     0 | D:1      | Implojin the Vine Stalker Fire Elementalist began the quest
                  | for the Orb.
     0 | D:1      | Reached XP level 1. HP: 9/9 MP: 4/4
   210 | D:1      | Reached skill level 1 in Fighting
   557 | D:1      | Danger: dart slug |T2| Reason: Slug Dart deals more than
                  | 50% MHP!
   562 | D:1      | Danger: Low HP Warning |T2| Reason: 60% HP (6/10)
   564 | D:1      | Reached XP level 2. HP: 10/14 MP: 3/6
  1207 | D:2      | Learned a level 2 spell: Scorch
  1384 | D:2      | Reached XP level 3. HP: 18/18 MP: 4/7
  1876 | D:2      | Gained mutation: Your natural rate of healing is unusually
                  | fast. [Vine Stalker growth]
  1876 | D:2      | Reached XP level 4. HP: 15/23 MP: 3/8
  2335 | D:3      | Danger: orc priest |T2| Reason: OOD monster, careful!
  2335 | D:3      | Danger: orc priest |T2| Reason: Smiting deals more than 50%
                  | MHP!
  2343 | D:3      | Danger: orc priest |T2| Reason: OOD monster, careful!
  2343 | D:3      | Danger: orc priest |T2| Reason: Smiting deals more than 50%
                  | MHP!
  2358 | D:3      | Found an ornate altar of the Wu Jian Council.
  2402 | D:3      | Found a hazy altar of Hepliaklqana.
  2511 | D:3      | Found a sacrificial altar of Ru.
  2724 | D:3      | Danger: orc priest |T2| Reason: OOD monster, careful!
  2724 | D:3      | Danger: orc priest |T2| Reason: Smiting deals more than 50%
                  | MHP!
  2729 | D:3      | Reached XP level 5. HP: 28/28 MP: 5/9
  2741 | D:3      | Danger: orc priest |T2| Reason: OOD monster, careful!
  2741 | D:3      | Danger: orc priest |T2| Reason: Smiting deals more than 50%
                  | MHP!
  2835 | D:3      | Danger: orc priest |T2| Reason: OOD monster, careful!
  2835 | D:3      | Danger: orc priest |T2| Reason: Smiting deals more than 50%
                  | MHP!
  2857 | D:3      | Danger: orc priest |T2| Reason: OOD monster, careful!
  2857 | D:3      | Danger: orc priest |T2| Reason: Smiting deals more than 50%
                  | MHP!
  2862 | D:3      | Danger: Low HP Warning |T2| Reason: 57% HP (16/28)
  3007 | D:3      | Danger: kobold |T2| Reason: Quivering poison darts and no
                  | rPois, careful!
  3010 | D:3      | Danger: kobold |T2| Reason: Quivering poison darts and no
                  | rPois, careful!
  3017 | D:3      | Danger: kobold |T2| Reason: Quivering poison darts and no
                  | rPois, careful!
  3437 | D:4      | Found an opulent altar of Gozag.
  3514 | D:3      | Became a worshipper of the Wu Jian Council
  3550 | D:4      | Danger: orc |T2| Reason: Quivering boomerangs, careful!
  3578 | D:4      | Danger: Low HP Warning |T2| Reason: 53% HP (15/28)
  3579 | D:4      | Danger: Low HP Warning |T3| Reason: 17% HP (5/28)
  3580 | D:4      | Danger: Low HP Warning |T3| Reason: 21% HP (6/28)
  3581 | D:4      | Danger: Low HP Warning |T2| Reason: 28% HP (8/28)
  3582 | D:4      | Danger: Low HP Warning |T2| Reason: 35% HP (10/28)
  3583 | D:4      | Danger: Low HP Warning |T2| Reason: 42% HP (12/28)
  3584 | D:4      | Danger: Low HP Warning |T2| Reason: 50% HP (14/28)
  3585 | D:4      | Danger: Low HP Warning |T2| Reason: 57% HP (16/28)
  3586 | D:4      | Danger: Low HP Warning |T2| Reason: 60% HP (17/28)
  3635 | D:4      | Reached skill level 1 in Unarmed Combat
  3655 | D:4      | Danger: orc |T2| Reason: Quivering boomerangs, careful!
  3655 | D:4      | Noticed Robin
  3656 | D:4      | Reached XP level 6. HP: 33/33 MP: 5/10
  3656 | D:4      | Danger: Robin |T2| Reason: Unique monster, careful!
  3660 | D:4      | Danger: Robin |T2| Reason: Unique monster, careful!
  3669 | D:4      | Danger: Robin |T2| Reason: Unique monster, careful!
  3679 | D:3      | Killed Robin
  3775 | D:4      | Danger: orc |T2| Reason: Quivering boomerangs, careful!
  3785 | D:4      | Found a staircase to the Ecumenical Temple.
  3788 | D:4      | Danger: orc priest |T2| Reason: OOD monster, careful!
  3788 | D:4      | Danger: orc priest |T2| Reason: Smiting deals more than 50%
                  | MHP!
  3793 | D:4      | Reached skill level 2 in Unarmed Combat
  4179 | D:5      | Entered Level 5 of the Dungeon
  4185 | D:5      | Reached skill level 3 in Unarmed Combat
  4217 | D:5      | Danger: howler monkey |T2| Reason: OOD monster, careful!
  4231 | D:5      | Reached * piety under Wu Jian
  4426 | D:4      | Reached skill level 4 in Unarmed Combat
  4451 | D:4      | Reached XP level 7. HP: 28/37 MP: 3/11
  4831 | D:5      | Reached skill level 5 in Unarmed Combat
  4894 | D:5      | Reached skill level 6 in Unarmed Combat
  5244 | D:5      | Gained mutation: You have razor-sharp teeth. [Vine Stalker
                  | growth]
  5244 | D:5      | Reached XP level 8. HP: 36/42 MP: 3/12
  5314 | D:5      | Noticed Eustachio
  5315 | D:5      | Danger: Eustachio |T2| Reason: Unique monster, careful!
  5736 | D:6      | Noticed Menkaure
  5737 | D:6      | Danger: Menkaure |T2| Reason: Unique monster, careful!
  5737 | D:6      | Danger: Menkaure |T3| Reason: Torment and not torment
                  | immune!
  5738 | D:6      | Danger: Menkaure |T3| Reason: Torment and not torment
                  | immune!
  5739 | D:6      | Danger: Menkaure |T3| Reason: Torment and not torment
                  | immune!
  5740 | D:6      | Danger: Menkaure |T3| Reason: Torment and not torment
                  | immune!
  5744 | D:6      | Danger: Menkaure |T2| Reason: Unique monster, careful!
  5744 | D:6      | Danger: Menkaure |T3| Reason: Torment and not torment
                  | immune!
  5745 | D:6      | Danger: Menkaure |T3| Reason: Torment and not torment
                  | immune!
  5746 | D:6      | Danger: Menkaure |T3| Reason: Torment and not torment
                  | immune!
  5747 | D:6      | Danger: Menkaure |T3| Reason: Torment and not torment
                  | immune!
  5748 | D:6      | Danger: Menkaure |T3| Reason: Torment and not torment
                  | immune!
  5749 | D:6      | Danger: Menkaure |T3| Reason: Torment and not torment
                  | immune!
  5749 | D:6      | Danger: Low HP Warning |T2| Reason: 57% HP (24/42)
  5750 | D:6      | Danger: Menkaure |T3| Reason: Torment and not torment
                  | immune!
  5751 | D:6      | Danger: Menkaure |T3| Reason: Torment and not torment
                  | immune!
  5751 | D:6      | Danger: Low HP Warning |T2| Reason: 38% HP (16/42)
  5752 | D:6      | Danger: Menkaure |T3| Reason: Torment and not torment
                  | immune!
  5752 | D:6      | Danger: Low HP Warning |T2| Reason: 40% HP (17/42)
  5752 | D:6      | Killed Menkaure
  5753 | D:6      | Reached skill level 7 in Unarmed Combat
  5753 | D:6      | Danger: Low HP Warning |T2| Reason: 47% HP (20/42)
  5754 | D:6      | Danger: Low HP Warning |T2| Reason: 50% HP (21/42)
  5755 | D:6      | Danger: Low HP Warning |T2| Reason: 54% HP (23/42)
  5756 | D:6      | Danger: Low HP Warning |T2| Reason: 59% HP (25/42)
  5821 | D:6      | Reached skill level 8 in Unarmed Combat
  5869 | D:6      | Found a glowing drain.
  5878 | Sewer    | Entered a sewer
  5895 | Sewer    | Reached ** piety under Wu Jian
  5949 | Sewer    | Danger: kobold brigand |T2| Reason: Quivering poison darts
                  | and no rPois, careful!
  5951 | Sewer    | Danger: kobold brigand |T2| Reason: Quivering poison darts
                  | and no rPois, careful!
  5958 | Sewer    | Reached skill level 5 in Fighting
  5976 | Sewer    | Found a glowing silver altar of Zin.
  6333 | D:6      | Danger: Low HP Warning |T2| Reason: 60% HP (26/43)
  6334 | D:6      | Danger: Low HP Warning |T2| Reason: 48% HP (21/43)
  6335 | D:6      | Danger: Low HP Warning |T2| Reason: 53% HP (23/43)
  7098 | D:6      | Reached skill level 1 in Evocations
  7669 | D:7      | Noticed Maggie
  7670 | D:7      | Danger: Maggie |T2| Reason: Unique monster, careful!
  7670 | D:7      | Danger: Maggie |T2| Reason: Bolt of Fire and not rF+,
                  | careful
  7670 | D:7      | Danger: Maggie |T2| Reason: Bolt of Fire deals more than
                  | 50% MHP!
  7726 | D:7      | Reached XP level 9. HP: 42/47 MP: 8/13
  7806 | D:7      | Noticed Prince Ribbit
  7807 | D:7      | Danger: Prince Ribbit |T2| Reason: Unique monster, careful!
  7807 | D:7      | Danger: gnoll |T3| Reason: Quivering throwing nets, watch
                  | out!
  7808 | D:7      | Danger: gnoll |T3| Reason: Quivering throwing nets, watch
                  | out!
  7812 | D:7      | Danger: Prince Ribbit |T2| Reason: Unique monster, careful!
  7839 | D:7      | Danger: Prince Ribbit |T2| Reason: Unique monster, careful!
  7848 | D:7      | Killed Prince Ribbit
  7849 | D:7      | Reached skill level 5 in Stealth
  7938 | D:7      | Reached skill level 9 in Unarmed Combat
  7998 | D:7      | Danger: Low HP Warning |T2| Reason: 60% HP (28/46)
  7999 | D:7      | Danger: Low HP Warning |T2| Reason: 50% HP (23/46)
  8451 | D:7      | Danger: Low HP Warning |T2| Reason: 51% HP (21/41)
  8452 | D:7      | Danger: Low HP Warning |T2| Reason: 38% HP (15/39)
  8453 | D:7      | Danger: Low HP Warning |T2| Reason: 43% HP (17/39)
  8473 | D:7      | Danger: Maggie |T2| Reason: Unique monster, careful!
  8473 | D:7      | Danger: Maggie |T2| Reason: Bolt of Fire and not rF+,
                  | careful
  8473 | D:7      | Danger: Maggie |T2| Reason: Bolt of Fire deals more than
                  | 50% MHP!
  8478 | D:7      | Danger: Maggie |T2| Reason: Unique monster, careful!
  8478 | D:7      | Danger: Maggie |T2| Reason: Bolt of Fire and not rF+,
                  | careful
  8478 | D:7      | Danger: Maggie |T2| Reason: Bolt of Fire deals more than
                  | 50% MHP!
  8713 | D:8      | Noticed Erica
  8714 | D:8      | Danger: Erica |T2| Reason: Slow and low Will, careful
  8714 | D:8      | Danger: Erica |T2| Reason: Unique monster, careful!
  8714 | D:8      | Danger: Erica |T2| Reason: Venom Bolt deals more than 50%
                  | MHP!
  8714 | D:8      | Danger: Erica |T2| Reason: Force Lance deals more than 50%
                  | MHP!
  8842 | D:5      | Danger: Eustachio |T2| Reason: Unique monster, careful!
  8852 | D:5      | Killed Eustachio
  8968 | D:7      | Reached skill level 10 in Unarmed Combat
  9028 | D:8      | You fall into a shaft and drop 3 floors!
  9028 | D:8      | Danger: Shafted! |T3| Reason: Shafted!
  9057 | D:11     | Noticed a troll
  9092 | D:10     | Entered Level 10 of the Dungeon
  9187 | D:9      | Noticed Psyche
  9188 | D:9      | Danger: Psyche |T2| Reason: Unique monster, careful!
  9248 | D:10     | Danger: kobold brigand |T2| Reason: Quivering poison darts
                  | and no rPois, careful!
  9248 | D:10     | Noticed a kobold demonologist
  9259 | D:10     | Danger: Low HP Warning |T2| Reason: 59% HP (28/47)
  9270 | D:10     | Danger: kobold brigand |T2| Reason: Quivering poison darts
                  | and no rPois, careful!
  9277 | D:10     | Danger: kobold brigand |T2| Reason: Quivering poison darts
                  | and no rPois, careful!
  9288 | D:10     | Danger: kobold brigand |T2| Reason: Quivering poison darts
                  | and no rPois, careful!
  9290 | D:10     | Danger: kobold brigand |T2| Reason: Quivering poison darts
                  | and no rPois, careful!
  9300 | D:10     | Danger: kobold brigand |T2| Reason: Quivering poison darts
                  | and no rPois, careful!
  9302 | D:10     | Killed a kobold demonologist
  9376 | D:10     | Danger: slime creature |T2| Reason: OOD monster, careful!
  9376 | D:10     | Danger: slime creature |T2| Reason: OOD monster, careful!
  9377 | D:10     | Danger: slime creature |T2| Reason: OOD monster, careful!
  9478 | D:10     | Reached XP level 10. HP: 39/55 MP: 14/14
  9482 | D:10     | Danger: Low HP Warning |T2| Reason: 52% HP (29/55)
  9745 | D:8      | Danger: orc |T3| Reason: Distortion weapon!
  9746 | D:8      | Danger: steam dragon |T2| Reason: Steam Ball deals more
                  | than 50% MHP!
  9746 | D:8      | Danger: orc |T3| Reason: Distortion weapon!
  9747 | D:8      | Danger: orc |T3| Reason: Distortion weapon!
  9748 | D:8      | Danger: orc |T3| Reason: Distortion weapon!
  9749 | D:8      | Danger: orc |T3| Reason: Distortion weapon!
  9752 | D:8      | Danger: orc |T3| Reason: Distortion weapon!
  9754 | D:8      | Danger: orc |T3| Reason: Distortion weapon!
  9755 | D:8      | Danger: orc |T3| Reason: Distortion weapon!
  9756 | D:8      | Danger: orc |T3| Reason: Distortion weapon!
  9757 | D:8      | Danger: orc |T3| Reason: Distortion weapon!
  9758 | D:8      | Danger: orc |T3| Reason: Distortion weapon!
  9759 | D:8      | Danger: orc |T3| Reason: Distortion weapon!
  9760 | D:8      | Danger: orc |T3| Reason: Distortion weapon!
  9761 | D:8      | Danger: orc |T3| Reason: Distortion weapon!
  9762 | D:8      | Danger: orc |T3| Reason: Distortion weapon!
  9763 | D:8      | Danger: orc |T3| Reason: Distortion weapon!
  9764 | D:8      | Danger: orc |T3| Reason: Distortion weapon!
  9765 | D:8      | Danger: orc |T3| Reason: Distortion weapon!
  9766 | D:8      | Danger: orc |T3| Reason: Distortion weapon!
  9792 | D:8      | Danger: steam dragon |T2| Reason: Steam Ball deals more
                  | than 50% MHP!
  9795 | D:8      | Danger: steam dragon |T2| Reason: Steam Ball deals more
                  | than 50% MHP!
  9803 | D:8      | Danger: steam dragon |T2| Reason: Steam Ball deals more
                  | than 50% MHP!
  9811 | D:8      | Danger: steam dragon |T2| Reason: Steam Ball deals more
                  | than 50% MHP!
  9841 | D:8      | Danger: steam dragon |T2| Reason: Steam Ball deals more
                  | than 50% MHP!
  9850 | D:8      | Danger: steam dragon |T2| Reason: Steam Ball deals more
                  | than 50% MHP!
  9856 | D:8      | Danger: steam dragon |T2| Reason: Steam Ball deals more
                  | than 50% MHP!
  9864 | D:8      | Reached *** piety under Wu Jian
  9880 | D:8      | Danger: Low HP Warning |T2| Reason: 43% HP (24/55)
  9881 | D:8      | Danger: Low HP Warning |T3| Reason: 14% HP (8/55)
  9882 | D:8      | Reached skill level 5 in Dodging
  9882 | D:8      | Danger: Low HP Warning |T3| Reason: 16% HP (9/55)
 10424 | D:8      | Danger: Erica |T2| Reason: Slow and low Will, careful
 10424 | D:8      | Danger: Erica |T2| Reason: Unique monster, careful!
 10424 | D:8      | Danger: Erica |T2| Reason: Venom Bolt deals more than 50%
                  | MHP!
 10424 | D:8      | Danger: Erica |T2| Reason: Force Lance deals more than 50%
                  | MHP!
 10432 | D:8      | Danger: Erica |T2| Reason: Slow and low Will, careful
 10432 | D:8      | Danger: Erica |T2| Reason: Unique monster, careful!
 10432 | D:8      | Danger: Erica |T2| Reason: Venom Bolt deals more than 50%
                  | MHP!
 10432 | D:8      | Danger: Erica |T2| Reason: Force Lance deals more than 50%
                  | MHP!
 10453 | D:7      | Danger: Maggie |T2| Reason: Unique monster, careful!
 10453 | D:7      | Danger: Maggie |T2| Reason: Bolt of Fire deals more than
                  | 50% MHP!
 10458 | D:7      | Danger: Maggie |T2| Reason: Unique monster, careful!
 10458 | D:7      | Danger: Maggie |T2| Reason: Bolt of Fire deals more than
                  | 50% MHP!
 10466 | D:7      | Killed Maggie
 10674 | D:8      | Danger: Erica |T2| Reason: Slow and low Will, careful
 10674 | D:8      | Danger: Erica |T2| Reason: Unique monster, careful!
 10674 | D:8      | Danger: Erica |T2| Reason: Venom Bolt deals more than 50%
                  | MHP!
 10674 | D:8      | Danger: Erica |T2| Reason: Force Lance deals more than 50%
                  | MHP!
 10982 | D:9      | Reached XP level 11. HP: 63/63 MP: 15/15
 10989 | D:9      | Danger: Low HP Warning |T2| Reason: 58% HP (37/63)
 10990 | D:9      | Danger: Low HP Warning |T2| Reason: 52% HP (33/63)
 10991 | D:9      | Danger: Low HP Warning |T2| Reason: 55% HP (35/63)
 10992 | D:9      | Danger: Low HP Warning |T2| Reason: 57% HP (36/63)
 10993 | D:9      | Danger: Low HP Warning |T2| Reason: 58% HP (37/63)
 10994 | D:9      | Reached skill level 10 in Fighting
 10995 | D:9      | Danger: Psyche |T2| Reason: Unique monster, careful!
 11069 | D:9      | Danger: Psyche |T2| Reason: Unique monster, careful!
 11083 | D:9      | Killed Psyche
 11083 | D:9      | Reached **** piety under Wu Jian
 11387 | D:10     | Danger: slime creature |T2| Reason: OOD monster, careful!
 11398 | D:10     | Danger: slime creature |T2| Reason: OOD monster, careful!
 11405 | D:10     | Reached skill level 11 in Unarmed Combat
 11413 | D:10     | Danger: slime creature |T2| Reason: OOD monster, careful!
 11414 | D:10     | Danger: slime creature |T2| Reason: OOD monster, careful!
 11420 | D:10     | Danger: slime creature |T2| Reason: OOD monster, careful!
 11445 | D:10     | Danger: slime creature |T2| Reason: OOD monster, careful!
 11473 | D:10     | Danger: slime creature |T2| Reason: OOD monster, careful!
 11499 | D:10     | Danger: basilisk |T3| Reason: Petrify and low Will
 11499 | D:10     | Danger: basilisk |T2| Reason: OOD monster, careful!
 11500 | D:10     | Danger: basilisk |T3| Reason: Petrify and low Will
 11639 | D:10     | Danger: basilisk |T3| Reason: Petrify and low Will
 11639 | D:10     | Danger: basilisk |T2| Reason: OOD monster, careful!
 11640 | D:10     | Danger: basilisk |T3| Reason: Petrify and low Will
 11641 | D:10     | Danger: basilisk |T3| Reason: Petrify and low Will
 11642 | D:10     | Danger: basilisk |T3| Reason: Petrify and low Will
 11643 | D:10     | Danger: basilisk |T3| Reason: Petrify and low Will
 11644 | D:10     | Danger: basilisk |T3| Reason: Petrify and low Will
 11645 | D:10     | Danger: basilisk |T3| Reason: Petrify and low Will
 11646 | D:10     | Danger: basilisk |T3| Reason: Petrify and low Will
 11647 | D:10     | Danger: basilisk |T3| Reason: Petrify and low Will
 11648 | D:10     | Danger: basilisk |T3| Reason: Petrify and low Will
 11649 | D:10     | Danger: basilisk |T3| Reason: Petrify and low Will
 11650 | D:10     | Danger: basilisk |T3| Reason: Petrify and low Will
 11651 | D:10     | Danger: basilisk |T3| Reason: Petrify and low Will
 11656 | D:10     | Danger: basilisk |T3| Reason: Petrify and low Will
 11656 | D:10     | Danger: basilisk |T2| Reason: OOD monster, careful!
 11657 | D:10     | Danger: basilisk |T3| Reason: Petrify and low Will
 11658 | D:10     | Danger: basilisk |T3| Reason: Petrify and low Will
 11659 | D:10     | Danger: basilisk |T3| Reason: Petrify and low Will
 11660 | D:10     | Danger: basilisk |T3| Reason: Petrify and low Will
 11661 | D:10     | Danger: basilisk |T3| Reason: Petrify and low Will
 11686 | D:10     | Danger: basilisk |T3| Reason: Petrify and low Will
 11686 | D:10     | Danger: basilisk |T2| Reason: OOD monster, careful!
 11687 | D:10     | Danger: basilisk |T3| Reason: Petrify and low Will
 11688 | D:10     | Danger: basilisk |T3| Reason: Petrify and low Will
 11689 | D:10     | Danger: basilisk |T3| Reason: Petrify and low Will
 11690 | D:10     | Danger: basilisk |T3| Reason: Petrify and low Will
 11699 | D:10     | Danger: basilisk |T3| Reason: Petrify and low Will
 11700 | D:10     | Danger: basilisk |T3| Reason: Petrify and low Will
 11724 | D:10     | Found a staircase to the Lair.
 11869 | D:11     | Noticed a centaur warrior
 11870 | D:11     | Danger: centaur warrior |T2| Reason: OOD monster, careful!
 11876 | D:11     | Killed a centaur warrior
 11877 | D:11     | Reached skill level 12 in Unarmed Combat
 11938 | D:11     | Found a staircase to the Orcish Mines.
 11939 | D:11     | Danger: orc |T2| Reason: Quivering boomerangs, careful!
 11964 | D:11     | Danger: orc |T2| Reason: Quivering boomerangs, careful!
 12002 | D:11     | Danger: gargoyle |T2| Reason: Stone Arrow deals more than
                  | 50% MHP!
 12002 | D:11     | Noticed a boulder beetle
 12023 | D:11     | Danger: gargoyle |T2| Reason: Stone Arrow deals more than
                  | 50% MHP!
 12028 | D:11     | Danger: Low HP Warning |T2| Reason: 55% HP (35/63)
 12029 | D:11     | Danger: Low HP Warning |T2| Reason: 58% HP (37/63)
 12030 | D:11     | Danger: Low HP Warning |T2| Reason: 60% HP (38/63)
 12106 | D:11     | Danger: Low HP Warning |T2| Reason: 60% HP (38/63)
 12107 | D:11     | Danger: Low HP Warning |T2| Reason: 36% HP (23/63)
 12108 | D:11     | Danger: Low HP Warning |T2| Reason: 39% HP (25/63)
 12109 | D:11     | Danger: Low HP Warning |T2| Reason: 41% HP (26/63)
 12110 | D:11     | Danger: Low HP Warning |T2| Reason: 44% HP (28/63)
 12114 | D:11     | Danger: Low HP Warning |T2| Reason: 57% HP (36/63)
 12115 | D:11     | Danger: Low HP Warning |T2| Reason: 58% HP (37/63)
 12188 | Lair:1   | Entered Level 1 of the Lair of Beasts
 12312 | Lair:1   | Reached skill level 1 in Throwing
 12467 | Lair:1   | Danger: Low HP Warning |T2| Reason: 58% HP (37/63)
 12470 | Lair:1   | Danger: Low HP Warning |T2| Reason: 53% HP (34/63)
 12471 | Lair:1   | Danger: Low HP Warning |T2| Reason: 55% HP (35/63)
 12472 | Lair:1   | Danger: Low HP Warning |T2| Reason: 53% HP (34/63)
 12473 | Lair:1   | Danger: Low HP Warning |T2| Reason: 57% HP (36/63)
 12584 | Lair:1   | Reached XP level 12. HP: 49/67 MP: 16/16
 12665 | Lair:1   | You fall into a shaft and drop 1 floor!
 12665 | Lair:1   | Danger: Shafted! |T3| Reason: Shafted!
 12673 | Lair:2   | Noticed Sonja
 12674 | Lair:2   | Danger: Sonja |T3| Reason: Quivering curare and no rPois,
                  | watch out!!
 12674 | Lair:2   | Danger: Sonja |T2| Reason: Unique monster, careful!
 12674 | Lair:2   | Danger: Sonja |T2| Reason: carrying a wand of roots (7),
                  | careful!
 13079 | Lair:1   | Danger: oklob plant |T2| Reason: Spit Acid deals more than
                  | 50% MHP!
 13196 | Lair:2   | Reached skill level 13 in Unarmed Combat
 13323 | Lair:2   | Identified the +0 ring mail of the Accordion {Harm Rampage
                  | rF+ Str-4}
 13357 | Lair:2   | Danger: Sonja |T3| Reason: Quivering curare and no rPois,
                  | watch out!!
 13357 | Lair:2   | Danger: Sonja |T2| Reason: Unique monster, careful!
 13357 | Lair:2   | Danger: Sonja |T2| Reason: carrying a wand of roots (7),
                  | careful!
 13358 | Lair:2   | Danger: Sonja |T3| Reason: Quivering curare and no rPois,
                  | watch out!!
 13359 | Lair:2   | Danger: Sonja |T3| Reason: Quivering curare and no rPois,
                  | watch out!!
 13360 | Lair:2   | Danger: Sonja |T3| Reason: Quivering curare and no rPois,
                  | watch out!!
 13361 | Lair:2   | Danger: Sonja |T3| Reason: Quivering curare and no rPois,
                  | watch out!!
 13362 | Lair:2   | Danger: Sonja |T3| Reason: Quivering curare and no rPois,
                  | watch out!!
 13363 | Lair:2   | Danger: Sonja |T2| Reason: carrying a wand of roots (6),
                  | careful!
 13363 | Lair:2   | Danger: Sonja |T3| Reason: Quivering curare and no rPois,
                  | watch out!!
 13364 | Lair:2   | Danger: Sonja |T3| Reason: Quivering curare and no rPois,
                  | watch out!!
 13365 | Lair:2   | Danger: Sonja |T3| Reason: Quivering curare and no rPois,
                  | watch out!!
 13367 | Lair:2   | Danger: Sonja |T3| Reason: Quivering curare and no rPois,
                  | watch out!!
 13367 | Lair:2   | Danger: Sonja |T2| Reason: Unique monster, careful!
 13367 | Lair:2   | Danger: Sonja |T2| Reason: carrying a wand of roots (6),
                  | careful!
 13372 | Lair:2   | Danger: Sonja |T3| Reason: Quivering curare and no rPois,
                  | watch out!!
 13372 | Lair:2   | Danger: Sonja |T2| Reason: Unique monster, careful!
 13372 | Lair:2   | Danger: Sonja |T2| Reason: carrying a wand of roots (6),
                  | careful!
 13373 | Lair:2   | Danger: Sonja |T3| Reason: Quivering curare and no rPois,
                  | watch out!!
 13374 | Lair:2   | Danger: Sonja |T3| Reason: Quivering curare and no rPois,
                  | watch out!!
 13375 | Lair:2   | Danger: Sonja |T3| Reason: Quivering curare and no rPois,
                  | watch out!!
 13376 | Lair:2   | Danger: Sonja |T3| Reason: Quivering curare and no rPois,
                  | watch out!!
 13377 | Lair:2   | Danger: Sonja |T3| Reason: Quivering curare and no rPois,
                  | watch out!!
 13378 | Lair:2   | Danger: Sonja |T3| Reason: Quivering curare and no rPois,
                  | watch out!!
 13379 | Lair:2   | Danger: Sonja |T3| Reason: Quivering curare and no rPois,
                  | watch out!!
 13380 | Lair:2   | Danger: Sonja |T3| Reason: Quivering curare and no rPois,
                  | watch out!!
 13382 | Lair:2   | Danger: Sonja |T3| Reason: Quivering curare and no rPois,
                  | watch out!!
 13382 | Lair:2   | Danger: Sonja |T2| Reason: Unique monster, careful!
 13382 | Lair:2   | Danger: Sonja |T2| Reason: carrying a wand of roots (6),
                  | careful!
 13386 | Lair:2   | Reached ***** piety under Wu Jian
 13393 | Lair:2   | Danger: Sonja |T3| Reason: Quivering curare and no rPois,
                  | watch out!!
 13393 | Lair:2   | Danger: Sonja |T2| Reason: Unique monster, careful!
 13393 | Lair:2   | Danger: Sonja |T2| Reason: carrying a wand of roots (4),
                  | careful!
 13394 | Lair:2   | Danger: Sonja |T3| Reason: Quivering curare and no rPois,
                  | watch out!!
 13395 | Lair:2   | Danger: Sonja |T3| Reason: Quivering curare and no rPois,
                  | watch out!!
 13396 | Lair:2   | Danger: Low HP Warning |T2| Reason: 57% HP (57/100)
 13396 | Lair:2   | Killed Sonja
 13397 | Lair:2   | Reached skill level 14 in Unarmed Combat
 14265 | Lair:3   | Found a staircase to the Snake Pit.
 14280 | Lair:3   | Danger: Low HP Warning |T2| Reason: 59% HP (40/67)
 14281 | Lair:3   | Danger: Low HP Warning |T2| Reason: 44% HP (30/67)
 14282 | Lair:3   | Danger: Low HP Warning |T2| Reason: 47% HP (32/67)
 14283 | Lair:3   | Danger: Low HP Warning |T2| Reason: 50% HP (34/67)
 14284 | Lair:3   | Danger: Low HP Warning |T2| Reason: 35% HP (24/67)
 14285 | Lair:3   | Danger: Low HP Warning |T2| Reason: 38% HP (26/67)
 14286 | Lair:3   | Danger: Low HP Warning |T2| Reason: 41% HP (28/67)
 14287 | Lair:3   | Danger: Low HP Warning |T2| Reason: 44% HP (30/67)
 14288 | Lair:3   | Danger: Low HP Warning |T2| Reason: 47% HP (32/67)
 14289 | Lair:3   | Danger: Low HP Warning |T2| Reason: 50% HP (34/67)
 14405 | Lair:3   | Danger: Low HP Warning |T2| Reason: 55% HP (37/67)
 14406 | Lair:3   | Danger: Low HP Warning |T2| Reason: 49% HP (33/67)
 14460 | Lair:3   | Noticed a boulder beetle
 14461 | Lair:3   | Danger: boulder beetle |T2| Reason: OOD monster, careful!
 14470 | Lair:3   | Killed a boulder beetle
 14491 | Lair:3   | Danger: Low HP Warning |T2| Reason: 59% HP (40/67)
 14492 | Lair:3   | Danger: Low HP Warning |T2| Reason: 35% HP (24/67)
 14493 | Lair:3   | HP: 3/67 [cane toad (5)]
 14494 | Lair:3   | Danger: Low HP Warning |T3| Reason: 4% HP (3/67)
 14495 | Lair:3   | Danger: Low HP Warning |T3| Reason: 7% HP (5/67)
 14496 | Lair:3   | Danger: Low HP Warning |T3| Reason: 10% HP (7/67)
 14497 | Lair:3   | Danger: Low HP Warning |T3| Reason: 13% HP (9/67)
 14539 | Lair:3   | Reached skill level 15 in Unarmed Combat
 14584 | Lair:3   | Noticed a death yak
 14585 | Lair:3   | Noticed a death yak
 14700 | Lair:3   | Noticed a skyshark
 14707 | Lair:3   | Danger: Low HP Warning |T2| Reason: 47% HP (32/67)
 14708 | Lair:3   | Danger: Low HP Warning |T2| Reason: 44% HP (30/67)
 14709 | Lair:3   | Danger: Low HP Warning |T3| Reason: 20% HP (14/67)
 14710 | Lair:3   | Danger: Low HP Warning |T3| Reason: 16% HP (16/100)
 14711 | Lair:3   | Danger: Low HP Warning |T3| Reason: 17% HP (17/100)
 14711 | Lair:3   | Slain by a skyshark

Illustrated notes

Levels and vault maps discovered:
D:1:      ldierk_walled_garden_2, layout_basic
D:2:      layout_basic, nicolae_half_adder
D:3:      layout_basic, lemuel_tele_altar, nzn_hepliaklqana_mist_gate,
          nicolae_ru_the_path_less_chosen, dk_noncrumbling_4, minmay_unequal
D:4:      layout_rooms, grunt_gozag_statues, minmay_temple_entry_proselytizer,
          feat_on_display, uniq_robin
D:5:      minmay_spotlight, layout_cave_pools, uniq_eustachio
D:6:      layout_cave_pods, portal_sewer_entry_d, hellmonk_bongcloud_opening,
          minivault_23, hangedman_glass_garden, dreamdust_wishing_well,
          kennysheep_generic_room_9, uniq_menkaure
D:7:      layout_basic, uniq_maggie, uniq_prince_ribbit1
D:8:      layout_basic, hangedman_misty_isle, uniq_erica
D:9:      layout_cross, minmay_fountain_box, uniq_psyche
D:10:     layout_rooms, erik_lair_dragon
D:11:     layout_roguey, david_orc_2, special_room [special_room_orc]
Lair:1:   layout_roguey, eino_small_chamber_without_monster, lemuel_fruit_fields
Lair:2:   layout_layer_cave, uniq_sonja
Lair:3:   layout_chaotic_city, nicolae_swamp_entry_spooky,
          nicolae_snake_entry_warm_welcome

Skill      XL: |  1  2  3  4  5  6  7  8  9 10 11 12 |
---------------+-------------------------------------+-----
Fighting       | 1 2 4 5 7 9 10 | 10.0
Stealth        | 3 5 |  5.0
Fire Magic     | 4 |  4.0
Unarmed Combat | 1 4 6 8 10 12 15 | 15.0
Evocations     | 2 3 4 |  4.0
Dodging        | 2 5 |  5.5
Throwing       | 3 |  3.0
Spellcasting   | |  2.1
Conjurations   | |  1.0

Action                     |  1- 3 |  4- 6 |  7- 9 | 10-12 || total
---------------------------+-------+-------+-------+-------++-------
  Melee: Spear             |    17 |    36 |    25 |       ||    78
         Bite              |     4 |     8 |    53 |   206 ||   271
         Punch             |       |       |    18 |    64 ||    82
         Unarmed           |       |       |   154 |   565 ||   719
  Throw: Dart              |       |       |     5 |    25 ||    30
         Stone             |       |       |     4 |       ||     4
         Throwing net      |       |       |     1 |       ||     1
         Boomerang         |       |       |       |    39 ||    39
   Cast: Foxfire           |    55 |   119 |    97 |    47 ||   318
         Scorch            |       |       |     9 |     3 ||    12
Ability: Whirlwind         |       |       |    11 |    95 ||   106
         Lunge             |       |       |    12 |    28 ||    40
  Evoke: Wand              |       |       |    23 |    11 ||    34
    Use: Scroll            |       |     8 |     7 |     7 ||    22
         Potion            |       |     1 |     3 |     3 ||     7
   Stab: Sleeping          |     1 |       |     2 |     9 ||    12
         Held in net/web   |       |       |     1 |       ||     1
         Distracted        |       |       |       |     1 ||     1
 Armour: Robe              |     4 |     4 |    20 |   125 ||   153
         Ring mail         |       |       |    19 |     2 ||    21
         Skin              |       |       |       |    12 ||    12
  Dodge: Dodged            |    16 |    32 |   104 |   264 ||   416
